 Dungeon Crawl Stone Soup version 0.30-b1-2-g02819fbbbe (webtiles) character file.

Game seed: 11859039596143156984

12203 raph the Arsonist (level 11, -6/63 HPs)
             Began as a Deep Elf Fire Elementalist on Aug 26, 2023.
             Was an Initiate of Gozag.
             Mangled by Gastronok (27 damage)
             ... on level 10 of the Dungeon.
             The game lasted 00:23:03 (14891 turns).

raph the Arsonist (Deep Elf Fire Elementalist)     Turns: 14891, Time: 00:23:04

Health: -6/63      AC:  9    Str:  5    XL:     11   Next: 59%
Magic:  0/26       EV: 16    Int: 31    God:    Gozag
Gold:   1584       SH:  5    Dex: 15    Spells: 5/29 levels left

rFire   + . .        a - staff of fire
rCold   . . .        (no shield)
rNeg    . . .        N - +0 steam dragon scales
rPois   .            o - +2 hat
rElec   .            y - +1 cloak
rCorr   +            (no gloves)
SInv    .            (no boots)
Will    +....        F - amulet of reflection
Stlth   ++           h - +6 ring of intelligence
HPRegen 0.30/turn    B - ring of resist corrosion
MPRegen 0.20/turn

%: reflection
@: no status effects
A: no striking features
a: Renounce Religion, Potion Petition, Call Merchant, Bribe Branch


You were on level 10 of the Dungeon.
You worshipped Gozag.
Gozag was most pleased with you.
You visited 2 branches of the dungeon, and saw 11 of its levels.
You also visited: Sewer.

You collected 2054 gold pieces.
You spent 358 gold pieces at shops.
You paid 112 gold pieces to Gozag.

Inventory:

Hand Weapons
 b - the +8 trident of the Octopus King {venom, rElec rPois}
   (You found it on level 8 of the Dungeon)

   rElec:     It insulates you from electricity.
   rPois:     It protects you from poison.
 c - a +0 dagger
 d - a +1 sling
 f - a +1 falchion of holy wrath
Missiles
 n - 30 poisoned darts
 r - 7 curare-tipped darts
Armour
 o - a +2 hat (worn)
 u - a +0 robe
 y - a +1 cloak (worn)
 N - +0 steam dragon scales (worn)
Magical Staves
 a - a staff of fire (weapon)
Jewellery
 h - a +6 ring of intelligence (left hand)
 B - a ring of resist corrosion (right hand)
 F - an amulet of reflection (around neck)
 I - a ring of see invisible
 J - a ring of protection from fire
 M - a ring of poison resistance
Wands
 p - a wand of flame (43)
 s - a wand of paralysis (13)
 t - a wand of roots (11)
 C - a wand of digging (17)
 L - a wand of polymorph (8)
 O - a wand of quicksilver (2)
Scrolls
 e - 3 scrolls of immolation
 q - 3 scrolls of fog
 v - 2 scrolls of teleportation
 D - a scroll of fear
 E - 4 scrolls of identify
 G - a scroll of amnesia
Potions
 g - 3 potions of haste
 i - 2 potions of might
 j - 8 potions of curing
 k - 2 potions of lignification
 l - 2 potions of cancellation
 m - a potion of brilliance
 w - 4 potions of heal wounds
 x - 2 potions of resistance
 z - a potion of invisibility
 A - a potion of flight
 H - a potion of mutation
 K - 3 potions of magic


   Skills:
 + Level 5.0 Fighting
 + Level 7.9 Dodging
 - Level 2.4 Stealth
 + Level 9.9 Spellcasting
 + Level 8.1 Conjurations
 + Level 11.1 Fire Magic
 + Level 3.4 Ice Magic
 * Level 4.8 Air Magic
 - Level 6.4 Earth Magic


You had 5 spell levels left.
You knew the following spells:

 Your Spells              Type           Power      Damage    Failure   Level
a - Foxfire               Conj/Fire      100%       2x1d9     1%          1
b - Scorch                Fire           100%       2d9       1%          2
c - Inner Flame           Hex/Fire       66%        N/A       1%          3
d - Stone Arrow           Conj/Erth      100%       3d13      1%          3
e - Volatile Blastmotes   Fire/Tloc      100%       2d18      1%          3
f - Flame Wave            Conj/Fire      85%        2d18      1%          4
g - Freezing Cloud        Conj/Ice/Air   24%        6-21      10%         5
h - Swiftness             Air            45%        N/A       1%          3

Your spell library contained the following spells:

 Spells                   Type           Power      Damage    Failure   Level
 Kiss of Death            Conj/Necr      100%       2d13      1%          1
 Sandblast                Erth           100%       2d20      1%          1
 Passwall                 Tmut/Erth      29%        N/A       1%          2
 Cigotuvi's Dreadful Rot  Necr/Pois/Air  50%        N/A       2%          2
 Ensorcelled Hibernation  Hex/Ice        52%        N/A       2%          2
 Ignite Poison            Fire/Tmut/Pois 55%        N/A       2%          3
 Sublimation of Blood     Necr           15%        N/A       4%          2
 Wereblood                Tmut           15%        N/A       4%          2
 Confusing Touch          Hex            15%        N/A       10%         3
 Dispel Undead            Necr           15%        3d10      32%         4
 Conjure Ball Lightning   Conj/Air       26%        3x3d7     34%         6
 Summon Hydra             Summ           7%         N/A       100%        7
 Discord                  Hex            7%         N/A       100%        8
 Disjunction              Tloc           7%         N/A       100%        8


Dungeon Overview and Level Annotations

Branches:
Dungeon (10/15)            Temple (1/1) D:6           Sewer (visited)
   Lair: D:8-11         Orc: D:9-12

Altars:
Ashenzari
Cheibriados
Dithmenos
Elyvilon
Fedhas
Gozag
Hepliaklqana
Kikubaaqudgha
Makhleb
Nemelex Xobeh
Okawaru
Qazlal
Ru
Sif Muna
Trog
Uskayaw
Vehumet
Xom
Yredelemnul
Zin
The Shining One

Shops:
D:3 *   D:9 *

Annotations:
D:5 2 runed translucent doors, diceflayer's ghost, novice DsHu
D:10 Gastronok


Message History

Confirm with . or Enter, or press ? or * to list all spells.
Casting: Flame Wave (dangerous; 1% risk of failure)
Press: ? - help, Dir - look around, f - activate You feel a surge of power!
A wave of flame ripples out!
The flame wave engulfs Gastronok!
Gastronok is burned terribly!
Gastronok is moderately wounded. (Press . to intensify the flame waves.) Gastronok barely misses you.
A wave of flame ripples out!
The flame wave engulfs Gastronok!!!
Gastronok is burned terribly!
Gastronok is heavily wounded.
A wave of flame ripples out!
The flame wave engulfs Gastronok!!
Gastronok is burned terribly!
Gastronok is severely wounded.
You finish channelling waves of flame.
Gastronok bites you!!
Casting: Flame Wave (dangerous; 1% risk of failure)
Confirm with . or Enter, or press ? or * to list all spells.
You feel a surge of power!
Flames lash Gastronok but do no damage.
Unknown command.
Gastronok sloshes about.
Gastronok bites you!
Casting: Scorch (safe; 1% risk of failure)
Confirm with . or Enter, or press ? or * to list all spells.
Casting: Flame Wave (dangerous; 1% risk of failure)
Press: ? - help, Dir - look around, f - activate You feel a surge of power!
A wave of flame ripples out!
The flame wave engulfs Gastronok!!
Gastronok is burned terribly!
Gastronok is severely wounded. (Press . to intensify the flame waves.)
A wraith comes into view.
A wave of flame ripples out!
The flame wave engulfs Gastronok!!
Gastronok is burned terribly!
Gastronok is almost dead.
Gastronok completely misses you.
You hit Gastronok.
Gastronok is almost dead.
Gastronok gurgles, "It's true, you are what you eat."
Gastronok bites you!!
You die...
Your body crumbles into a pile of gold.

...............#.....#.
................##)##.##
................#.##.##.
............W...#..#..#.
#.........[....##.##.##.
#.....#.......#..#..#..
#.............##.##)##.
#.....w.$..?..#.##.##.#
#.....@...$#.....#.....
#..........#..#########
#..........#.... .....
#..........##.... #....
#......>.....#.#.......
#..........#...........
#..........##..........
####.####### ..... .....


You could see Gastronok (swift, combustible) and a wraith.

Vanquished Creatures
  A two-headed ogre (D:10)
  Lodul (D:10)
  Pikel (D:8)
  Maurice (D:10)
  Maggie (D:7)
  Psyche (D:9)
  2 kobold demonologists (D:9)
  A komodo dragon (D:10)
  A troll (D:9)
  3 hornets (D:9)
  3 wyverns
  8 yaks
  A shadow (D:10)
  3 steam dragons
  3 vampire mosquitoes (D:10)
  3 water moccasins
  An acid dragon (D:10)
  A black bear (D:4)
  3 ice beasts
  5 orc warriors
  9 ogres
  3 centaurs (D:7)
  2 phantoms
  5 kobold brigands
  Blork the orc (D:5)
  8 bullfrogs
  A scorpion (D:5)
  17 wights
  5 howler monkeys
  5 hounds
  3 jellies
  A gnoll bouda (D:8)
  11 orc priests
  Crazy Yiuf (D:3)
  2 iguanas
  10 orc wizards
  A sleepcap (D:6)
  Robin (D:4)
  4 gnolls (D:6)
  7 adders
  2 shadow imps
  5 ufetubi
  2 worms
  3 dart slugs
  33 orcs
  6 bats
  7 endoplasms
  3 giant cockroaches
  19 goblins
  8 hobgoblins
  7 jackals
  7 quokkas
  11 ball pythons
  18 frilled lizards
  29 kobolds
  5 rats
306 creatures vanquished.

Vanquished Creatures (collateral kills)
  8 foxfires (Sewer)
8 creatures vanquished.

Vanquished Creatures (others)
  1012 foxfires
  8 fungi
  4 plants (D:1)
1024 creatures vanquished.

Grand Total: 1338 creatures vanquished

Notes
Turn   | Place    | Note
-------+----------+-------------------------------------------
     0 | D:1      | raph the Deep Elf Fire Elementalist began the quest for the
                  | Orb.
     0 | D:1      | Reached XP level 1. HP: 10/10 MP: 6/6
   235 | D:1      | Reached XP level 2. HP: 9/15 MP: 2/8
   452 | D:1      | Learned a level 2 spell: Scorch
   596 | D:1      | Reached skill level 4 in Fire Magic
   850 | D:1      | Reached XP level 3. HP: 19/19 MP: 5/9
   854 | D:1      | Learned a level 3 spell: Inner Flame
  2062 | D:2      | Reached XP level 4. HP: 24/24 MP: 1/11
  3009 | D:3      | Found a shimmering altar of Xom.
  3021 | D:3      | Reached skill level 5 in Fire Magic
  3169 | D:3      | Learned a level 3 spell: Stone Arrow
  3245 | D:3      | Found a runed translucent door.
  3246 | D:3      | Noticed Crazy Yiuf
  3562 | D:3      | Found Byhegetsao's Assorted Antiques.
  3827 | D:3      | Bought an embroidered hat for 126 gold pieces
  4105 | D:4      | Reached XP level 5. HP: 28/28 MP: 11/13
  4286 | D:4      | Noticed an ogre
  4295 | D:4      | Killed an ogre
  4296 | D:4      | Reached skill level 1 in Earth Magic
  4399 | D:4      | Noticed Robin
  4409 | D:4      | Killed Robin
  4410 | D:4      | Reached XP level 6. HP: 24/32 MP: 2/14
  4412 | D:4      | Noticed an orc warrior
  4519 | D:4      | Reached skill level 6 in Fire Magic
  4832 | D:4      | Killed an orc warrior
  4833 | D:4      | Reached skill level 5 in Spellcasting
  4833 | D:4      | Reached XP level 7. HP: 36/36 MP: 6/16
  5007 | D:4      | Learned a level 3 spell: Volatile Blastmotes
  5012 | D:4      | Learned a level 4 spell: Flame Wave
  5311 | D:5      | Entered Level 5 of the Dungeon
  5490 | D:5      | Reached skill level 7 in Fire Magic
  5579 | D:5      | Noticed Blork the orc
  5585 | D:5      | Killed Blork the orc
  5592 | D:5      | Reached XP level 8. HP: 25/42 MP: 2/19
  5714 | D:5      | Found a large runed translucent door.
  5714 | D:5      | Found a large runed translucent door.
  5716 | D:5      | Noticed diceflayer's ghost (novice DsHu)
  5779 | D:5      | Reached skill level 1 in Fighting
  5826 | D:5      | Found a glowing drain.
  5835 | Sewer    | Entered a sewer
  7005 | D:3      | Killed Crazy Yiuf
  7175 | D:6      | Found a staircase to the Ecumenical Temple.
  7187 | Temple   | Entered the Ecumenical Temple
  7281 | Temple   | Became a worshipper of Gozag Ym Sagoz the Greedy
  7298 | D:6      | Reached skill level 5 in Conjurations
  7410 | D:6      | Reached skill level 8 in Fire Magic
  7623 | D:6      | Identified a scroll of acquirement
  7623 | D:6      | Acquired a staff of fire
  7702 | D:6      | Found a basalt altar of Yredelemnul.
  8209 | D:6      | Found a shimmering blue altar of Sif Muna.
  8273 | D:6      | Reached XP level 9. HP: 48/48 MP: 17/21
  8629 | D:3      | Bought a twisted cameo amulet for 90 gold pieces
  8629 | D:3      | Bought a thin fluorescent amulet for 90 gold pieces
  8629 | D:3      | Bought a scroll of identify for 36 gold pieces
  8629 | D:3      | Bought a fuming inky potion for 16 gold pieces
  8694 | D:7      | You fall into a shaft and drop 2 floors!
  8931 | D:9      | Reached skill level 9 in Fire Magic
  8931 | D:9      | Reached skill level 5 in Earth Magic
  9003 | D:9      | Found Ycietyosic's Assorted Antiques.
  9016 | D:9      | Reached skill level 5 in Dodging
  9018 | D:9      | Noticed Psyche
  9025 | D:9      | Killed Psyche
  9967 | D:8      | Reached XP level 10. HP: 36/56 MP: 7/24
 10132 | D:8      | Reached skill level 10 in Fire Magic
 10518 | D:8      | Found an iron altar of Okawaru.
 10518 | D:8      | Found the +8 trident of the Octopus King {venom, rElec
                  | rPois}
 10934 | D:8      | Noticed Pikel
 10960 | D:8      | Killed Pikel
 11102 | D:8      | Found a stormy altar of Qazlal.
 11616 | D:7      | Learned a level 5 spell: Freezing Cloud
 11653 | D:7      | Found a sacrificial altar of Ru.
 11818 | D:7      | Reached skill level 1 in Air Magic
 12066 | D:7      | Reached skill level 1 in Ice Magic
 12511 | D:7      | Noticed Maggie
 12515 | D:7      | Killed Maggie
 12727 | D:7      | Found a glowing silver altar of Zin.
 12844 | D:9      | Reached XP level 11. HP: 57/62 MP: 15/26
 13055 | D:9      | Learned a level 3 spell: Swiftness
 13108 | D:9      | Found an ancient bone altar of Kikubaaqudgha.
 13108 | D:9      | Found a snail-covered altar of Cheibriados.
 13582 | D:10     | Entered Level 10 of the Dungeon
 13732 | D:10     | Noticed Maurice
 13738 | D:10     | Noticed Lodul
 13740 | D:10     | Killed Maurice
 13747 | D:10     | Killed Lodul
 14084 | D:10     | Reached skill level 11 in Fire Magic
 14427 | D:10     | Noticed a two-headed ogre
 14433 | D:10     | Killed a two-headed ogre
 14494 | D:10     | Identified the +4 scale mail of Fedhas {rElec Str+3 Dex+2}
 14870 | D:10     | Noticed Gastronok
 14871 | D:10     | Reached skill level 5 in Fighting
 14891 | D:10     | Mangled by Gastronok

Illustrated notes

Levels and vault maps discovered:
D:1:      erik_arrival_blinker_ship, layout_loops_ring, minmay_lizard_king
D:2:      cheibrodos_helix_gallery, layout_loops_ring
D:3:      layout_loops_ring, mainiacjoe_overflow_small_starburst, serial_shops,
          nicolae_shop_tiny_statue_garden, minivault_25, uniq_crazy_yiuf_cottage
D:4:      layout_loops_cross, uniq_robin
D:5:      layout_rooms, portal_sewer_entry_f, ebering_ghost_disaster_area,
          uniq_blork_the_orc
D:6:      layout_loops_ring, tgw_sif, mainiacjoe_overflow_chevrons,
          minmay_temple_entry_offerings
D:7:      minmay_inner_zag, layout_cave_pools, mainiacjoe_overflow_big_doors,
          minmay_puff, uniq_maggie
D:8:      layout_loops_cross, nicolae_qazlal_general_emergency,
          okawaru_ov_weapons_minmay, dreamdust_gnoll_shepherd, uniq_pikel
D:9:      layout_gridville, nicolae_overflow_two_pavilions, serial_shops,
          nicolae_shop_dealshenge, uniq_psyche
D:10:     minmay_angry_zag, layout_rooms, nicolae_wu_jian_immortal_techniques,
          david_lair_generic, gammafunk_ghost_hydra_chop, uniq_lodul,
          uniq_snorg, uniq_maurice, uniq_gastronok
Temple:   nicolae_temple_x_marks_the_god

Skill      XL: |  1  2  3  4  5  6  7  8  9 10 11 |
---------------+----------------------------------+-----
Fire Magic     | 4 5 6 7 8 9 10 11 | 11.1
Conjurations   | 2 3 4 5 6 7 8 |  8.1
Spellcasting   | 4 5 6 8 9 |  9.9
Earth Magic    | 1 2 3 4 5 6 |  6.4
Dodging        | 3 4 5 7 |  7.9
Fighting       | 2 3 4 5 |  5.0
Air Magic      | 2 4 |  4.8
Ice Magic      | 2 3 |  3.4
Stealth        | |  2.4

Action                     |  1- 3 |  4- 6 |  7- 9 | 10-12 || total
---------------------------+-------+-------+-------+-------++-------
  Melee: Staff             |       |       |     7 |     5 ||    12
   Fire: Sling             |     2 |    12 |     1 |       ||    15
   Cast: Foxfire           |    81 |    86 |   250 |   175 ||   592
         Scorch            |    12 |    14 |    35 |    49 ||   110
         Inner Flame       |       |     3 |     7 |     1 ||    11
         Stone Arrow       |       |     2 |     3 |     2 ||     7
         Flame Wave        |       |       |     4 |    26 ||    30
  Evoke: Wand              |       |     1 |     3 |       ||     4
    Use: Scroll            |     1 |    11 |    13 |     1 ||    26
         Potion            |       |       |       |     2 ||     2
 Armour: Robe              |     4 |     4 |    14 |     4 ||    26
         Steam dragon scal |       |       |       |    12 ||    12
  Dodge: Dodged            |    14 |    23 |    45 |    33 ||   115
  Block: Other             |       |       |     6 |     9 ||    15
         Reflection        |       |       |     1 |     1 ||     2
